 Dungeon Crawl Stone Soup version 0.15-b1-58-g4898494 (webtiles) character file.

3646 Nordron the Cleaver (level 10, -14/86 HPs)
             Began as a Hill Orc Fighter on Aug 11, 2014.
             Was a Priest of Okawaru.
             Demolished by an ogre
             ... wielding a +0 giant club
              (25 damage)
             ... on Level 8 of the Dungeon on Aug 12, 2014.
             The game lasted 01:21:08 (8044 turns).

Nordron the Cleaver (Hill Orc Fighter)              Turns: 8044, Time: 01:21:09

HP -14/86        AC 12     Str 23      XL: 10   Next: 12%
MP  11/11        EV 10     Int  8      God: Okawaru [***...]
Gold 512         SH 11     Dex  9 (10) Spells:  0 memorised,  9 levels left

rFire  + . .     SeeInvis .     a - +0 war axe
rCold  + . .     Clarity  +     q - +4 ring mail {rF+}
rNeg   . . .     rCorr    .     v - +0 shield
rPois  .         rRot     .     (no helmet)
rElec  .         Spirit   .     O - +1 cloak {MR+}
SustAb .         Warding  .     (no gloves)
rMut   .         Stasis   .     (no boots)
Gourm  .                        j - amulet of clarity
MR     +....                    (no ring)
                                r - ring of protection from cold

@: somewhat resistant to hostile enchantments, very unstealthy
A: no striking features
a: Heroism, Renounce Religion


You were on level 8 of the Dungeon.
You worshipped Okawaru.
Okawaru was most pleased with you.
You were very hungry.

You visited 2 branches of the dungeon, and saw 9 of its levels.
You visited the Abyss 1 time.

You collected 512 gold pieces.

Inventory:

Hand weapons
 a - a +0 war axe (weapon)
 n - a +0 lajatang
 u - a +1 scimitar of freezing
 C - a +0 greatsling
 L - a +2 short sword of flaming
Missiles
 s - 12 tomahawks
 D - 8 steel javelins (quivered)
Armour
 q - a +4 ring mail of fire resistance (worn)
 v - a +0 shield (worn)
 O - a +1 cloak of magic resistance (worn)
Magical devices
 I - a wand of enslavement (18)
Comestibles
 c - 5 bread rations
 d - 6 meat rations
 h - 9 slices of pizza
 p - 10 fruits
 N - 4 beef jerkies
Scrolls
 e - 2 scrolls of teleportation
 f - 5 scrolls of remove curse
 g - 3 scrolls of identify
 i - 4 scrolls of enchant armour
 o - 2 scrolls of blinking
 t - a scroll of fear
 y - a scroll of random uselessness {unknown}
 A - a scroll of magic mapping
 E - a scroll of noise {unknown}
 H - a scroll of acquirement {unknown}
 J - a scroll of immolation {unknown}
 M - a scroll of recharging {unknown}
Jewellery
 b - an uncursed ring of fire
 j - an amulet of clarity (around neck)
 r - a ring of protection from cold (left hand)
Potions
 k - a potion of haste
 l - a potion of invisibility {unknown}
 m - 2 potions of curing
 w - a potion of mutation {unknown}
 z - a potion of brilliance
 B - a potion of degeneration {unknown}
 F - a potion of cancellation {unknown}
 K - a potion of restore abilities {unknown}
 Q - a potion of magic {unknown}
Books
 x - a book of Callings

   Spells                             Type                      Level
   Summon Small Mammal                Summoning                    1
   Call Imp                           Summoning                    2
   Call Canine Familiar               Summoning                    3
   Summon Guardian Golem              Hexes/Summoning              4
   Summon Lightning Spire             Summoning/Air                4
   Summon Ice Beast                   Ice/Summoning                4


   Skills:
 + Level 7.5 Fighting
 + Level 9.4 Axes
 + Level 1.1 Throwing
 + Level 6.0 Armour
 + Level 5.9 Dodging
 + Level 1.1 Stealth
 + Level 8.1 Shields
 + Level 1.0 Invocations


You had 9 spell levels left.
You didn't know any spells.

Dungeon Overview and Level Annotations

Branches:
Dungeon (8/15)             Temple (1/1) D:7
   Lair: D:8-11

Altars:
Ashenzari
Cheibriados
Kikubaaqudgha
Makhleb
Nemelex Xobeh
Okawaru
Qazlal
Trog
Xom
Yredelemnul
Zin
The Shining One

Annotations:
D:8 Grum


Message History

The ogre shouts!
There is a stone staircase leading down here.
Eat which item? (? for menu, Esc to quit)
Okay, then.
The ogre hits you with a giant club.
* * * LOW HITPOINT WARNING * * *
You barely miss the ogre. The ogre hits you with a giant club!
* * * LOW HITPOINT WARNING * * *
You feel better.
You are feeling very hungry.
The ogre misses you.
You slice the ogre!!
The ogre is severely wounded.
You block the ogre's attack.
You hit the ogre.
The ogre is almost dead.
You hit the ogre.
The ogre is almost dead.
The ogre hits you with a giant club!!
You die...

.....#########.# #.#
.........##.......# #.#
#........##.......# #.#
###........##.......# #.#
...................###.#
#........##.........#.#
#........#.#####....#.#
#........#............###
#....>..@O....>..........
#####.##.#...###....#####
#.##.#.#.#####.#.....
.######.##.#.#..# #.#...##
............#.##.####'#...##
#######.####.##............
#.# #.##.......#.... #.#
#.###......#.... #.# #.#
#..##.##....


You could see an ogre.

Vanquished Creatures
  A centaur skeleton (D:8)
  Prince Ribbit (D:3)
  A human (D:7)
  Eustachio (D:4)
  A hog (D:7)
  A hungry ghost (D:8)
  Edmund (D:7)
  A wolf (D:8)
  2 orc warriors
  5 ogres
  2 centaurs (D:5)
  Sigmund (D:5)
  2 big kobolds (D:5)
  A giant frog (D:5)
  Blork the orc (D:3)
  A quasit (D:8)
  6 crimson imps
  4 hounds
  Crazy Yiuf (D:7)
  2 orc priests
  2 orc wizards
  10 worker ants
  Natasha (D:6)
  An iguana (D:8)
  3 sheep (D:7)
  An ogre zombie (D:7)
  Ijyb (D:2)
  11 adders
  8 gnolls
  3 shadow imps
  A worker ant zombie (D:5)
  4 giant mites
  An ufetubus (D:4)
  3 worms
  An adder skeleton (D:7)
  An orc skeleton (D:6)
  4 giant geckos
  20 orcs
  3 ball pythons
  A bat skeleton (D:4)
  A bat zombie (D:5)
  5 giant cockroaches
  13 goblins
  18 hobgoblins
  50 kobolds
  14 quokkas
  A ball python zombie (D:5)
  13 bats
  A giant gecko zombie (D:6)
  7 giant newts
  A giant spore (D:7)
  A hobgoblin zombie (D:5)
  4 jackals
  12 rats
  A butterfly (D:7)
  A fungus (D:7)
259 creatures vanquished.

Notes
Turn   | Place    | Note
--------------------------------------------------------------
     0 | D:1      | Nordron, the Hill Orc Fighter, began the quest for the Orb.
     0 | D:1      | Reached XP level 1. HP: 19/19 MP: 1/1
   207 | D:1      | Reached XP level 2. HP: 27/27 MP: 2/2
   726 | D:2      | Reached XP level 3. HP: 29/33 MP: 3/3
   849 | D:2      | Noticed Ijyb
   868 | D:2      | Killed Ijyb
   868 | D:2      | Reached skill level 1 in Dodging
   868 | D:2      | Reached skill level 4 in Shields
   868 | D:2      | Reached XP level 4. HP: 40/40 MP: 4/4
  1314 | D:2      | Reached XP level 5. HP: 46/46 MP: 5/5
  1751 | D:3      | Found an iron altar of Okawaru.
  1758 | D:3      | Became a worshipper of Warmaster Okawaru
  2171 | D:4      | Reached XP level 6. HP: 52/52 MP: 6/6
  2185 | D:4      | Noticed Prince Ribbit
  2207 | D:4      | Noticed Blork the orc
  2217 | D:3      | Killed Blork the orc
  2217 | D:3      | Reached skill level 5 in Shields
  2309 | D:3      | Killed Prince Ribbit
  2309 | D:3      | Reached skill level 5 in Axes
  2309 | D:3      | Reached XP level 7. HP: 15/60 MP: 7/7
  2311 | D:3      | Acquired Okawaru's first power
  2683 | D:4      | Noticed Eustachio
  2748 | D:4      | Killed Eustachio
  2748 | D:4      | Reached skill level 5 in Fighting
  2860 | D:4      | Upgraded the game from 0.15-b1-55-g17c0860 to 0.15-b1-58-g4898494
  3168 | D:4      | Noticed an ogre
  3182 | D:4      | Killed an ogre
  3182 | D:4      | Reached XP level 8. HP: 16/68 MP: 5/8
  3535 | D:5      | Entered Level 5 of the Dungeon
  3567 | D:5      | Reached skill level 6 in Shields
  4201 | D:5      | Reached skill level 1 in Invocations
  4342 | D:5      | Noticed Sigmund
  4364 | D:5      | Killed Sigmund
  4473 | D:5      | Reached skill level 5 in Armour
  4746 | D:5      | Cast into the Abyss (goblin)
  4782 | D:5      | Escaped the Abyss
  5250 | D:6      | Noticed Natasha
  5291 | D:6      | Killed Natasha
  5291 | D:6      | Reached skill level 7 in Axes
  5291 | D:6      | Reached XP level 9. HP: 58/75 MP: 10/10
  6313 | D:7      | Reached skill level 8 in Axes
  6322 | D:7      | Found a staircase to the Ecumenical Temple.
  6351 | D:7      | Noticed Edmund
  6375 | D:7      | Killed Edmund
  6407 | Temple   | Entered the Ecumenical Temple
  6797 | D:7      | Reached skill level 5 in Dodging
  6797 | D:7      | Reached skill level 1 in Stealth
  7414 | D:7      | Received a gift from Okawaru
  7548 | D:7      | Noticed Crazy Yiuf
  7557 | D:7      | Killed Crazy Yiuf
  7557 | D:7      | Reached skill level 9 in Axes
  7664 | D:8      | Noticed a centaur skeleton
  7675 | D:8      | Killed a centaur skeleton
  7675 | D:8      | Reached skill level 1 in Throwing
  7675 | D:8      | Reached XP level 10. HP: 84/86 MP: 11/11
  8002 | D:8      | Noticed Grum
  8040 | D:8      | HP: 3/86 [ogre/giant club (11)]
  8044 | D:8      | Demolished by an ogre

Action                   |  1- 3 |  4- 6 |  7- 9 | 10-12 || total
-------------------------+-------+-------+-------+-------++-------
Melee: War axe           |   106 |   147 |   685 |    57 ||   995
Throw: Tomahawk          |       |     2 |     5 |       ||     7
       Javelin           |       |       |     3 |     3 ||     6
Invok: Heroism           |       |       |     2 |       ||     2
Evoke: Wand              |       |       |     1 |       ||     1
  Use: Scroll            |     1 |     2 |     8 |     1 ||    12
       Potion            |       |     2 |     2 |     2 ||     6
  Eat: Chunk             |       |     5 |    18 |     1 ||    24
